Canucks vs Capitals
Created - 4 mars 2017 at 22:11
Goals
|
Canucks |
0 |
3 |
1 |
4 |
Capitals |
0 |
1 |
2 |
3 |
|
Shots
|
Canucks |
13 |
16 |
6 |
35 |
Capitals |
4 |
17 |
12 |
33 |
|
1st period
No Goal
Penalties :
No Penalty
2nd period
1. Canucks , Alex Goligoski 17 (Milan Michalek, Matt Stajan) at 13:12 (PP)
2. Canucks , Martin St. Louis 17 (Milan Michalek, Matt Stajan) at 14:56
3. Capitals , James Neal 15 (Patrick Marleau, Joe Thornton) at 16:29
4. Canucks , Maxim Afinogenov 25 (Ben Lovejoy, Alex Goligoski) at 16:37
Penalties :
Tyler Seguin (Was) for Hooking (Minor) at 8:37, Marek Zidlicky (Was) for Hooking (Minor) at 13:09, Josh Beaulieu (Van) for Hooking (Minor) at 19:50
3rd period
5. Capitals , Sean Couturier 2 (Ryan Callahan, Erik Cole) at 2:34
6. Canucks , Patrick Eaves 3 (Maxim Lapierre, Clarke MacArthur) at 12:10
7. Capitals , Patrick Marleau 17 (Joe Thornton) at 14:43 (PP)
Penalties :
Tom Poti (Van) for Interference (Minor) at 3:49, Mike Ribeiro (Van) for Hooking (Minor) at 14:41
Goalie Stats
Brent Krahn (Van), 30 saves from 33 shots - (0,909), W, 5-5-1, 60:00 minutes
Ilya Bryzgalov (Was), 31 saves from 35 shots - (0,886), L, 10-10-2, 58:46 minutes
Players Stats for Canucks
Player Name G A P +/- PIM S H SB GA TA FO MP PP MP PK MP
------------------------------------------------------------------------------------
Alex Goligoski 1 1 2 -1 0 3 2 1 0 0 0/0 28:25 1:18 2:02
Alex Tanguay 0 0 0 -1 0 2 0 1 0 1 0/0 13:25 0:00 0:49
Ben Lovejoy 0 1 1 -1 0 1 2 1 1 0 0/0 28:25 1:18 2:02
Clarke MacArthur 0 1 1 1 0 1 2 0 1 0 1/1 15:29 0:48 0:00
David Laliberté 0 0 0 -2 0 2 1 0 0 1 0/0 12:48 0:00 0:00
Josh Beaulieu 0 0 0 0 2 0 1 0 0 0 3/3 18:24 0:00 0:00
Marek Zagrapan 0 0 0 0 0 2 0 0 0 0 12/34 18:16 0:00 0:02
Martin St. Louis 1 0 1 1 0 3 1 1 0 0 1/2 10:17 0:48 0:54
Matt Stajan 0 2 2 1 0 0 0 1 1 0 4/5 12:07 1:14 2:10
Maxim Afinogenov 1 0 1 1 0 9 2 0 2 1 4/7 21:20 1:14 1:58
Maxim Lapierre 0 1 1 1 0 3 4 1 1 0 4/10 15:39 0:00 1:13
Mike Ribeiro 0 0 0 -1 2 3 0 1 0 0 2/3 14:16 0:48 0:54
Milan Michalek 0 2 2 1 0 1 1 0 0 0 0/0 9:51 1:14 0:00
Patrick Eaves 1 0 1 1 0 1 1 0 1 0 0/0 14:26 0:00 0:00
Robert Bortuzzo 0 0 0 0 0 0 1 0 0 0 0/0 13:28 0:00 1:05
Ryan Parent 0 0 0 2 0 0 0 0 0 0 0/0 18:56 0:44 1:58
Sami Lepisto 0 0 0 0 0 1 2 1 0 1 0/0 12:23 0:00 0:00
Tom Poti 0 0 0 2 2 3 1 1 1 0 0/0 18:02 0:44 0:53
Players Stats for Capitals
Player Name G A P +/- PIM S H SB GA TA FO MP PP MP PK MP
------------------------------------------------------------------------------------
Daniel Briere 0 0 0 0 0 1 1 0 0 0 0/2 8:03 0:00 1:03
Erik Cole 0 1 1 0 0 1 1 1 0 0 0/0 12:48 0:00 0:33
Erik Karlsson 0 0 0 -1 0 2 1 1 1 2 0/0 27:59 2:38 0:00
James Neal 1 0 1 1 0 2 0 0 0 0 0/1 17:03 1:40 0:33
Jamie Langenbrunner 0 0 0 0 0 0 0 1 0 0 0/0 7:40 0:40 0:00
Jarome Iginla 0 0 0 -2 0 9 0 1 0 1 0/0 22:57 2:00 1:03
Joe Corvo 0 0 0 1 0 1 1 4 0 0 0/0 21:26 0:00 1:10
Joe Thornton 0 2 2 1 0 2 2 0 1 0 9/14 16:38 2:10 0:00
Joffrey Lupul 0 0 0 0 0 0 0 0 0 0 0/0 7:00 0:00 0:00
Kris Russell 0 0 0 0 0 0 0 0 0 1 0/0 11:45 0:00 0:11
Marek Zidlicky 0 0 0 -2 2 1 5 2 0 1 0/0 20:22 2:38 1:07
Mark Giordano 0 0 0 0 0 4 1 0 0 1 0/0 19:18 1:22 0:52
Ondrej Palat 0 0 0 -2 0 2 1 2 1 0 0/1 22:11 1:30 0:26
Patrick Marleau 1 1 2 1 0 5 1 0 1 1 0/0 16:44 2:16 0:00
Ryan Callahan 0 1 1 0 0 1 1 1 0 0 0/0 12:39 0:07 0:00
Sean Couturier 1 0 1 0 0 1 2 0 0 1 4/8 12:40 0:00 0:26
Tyler Seguin 0 0 0 -2 2 1 0 2 0 0 21/39 21:34 1:37 0:00
Zdeno Chara 0 0 0 0 0 0 1 2 0 0 0/0 19:09 1:22 0:44
3 Stars
1 - Patrick Marleau (Was)
2 - Alex Goligoski (Van)
3 - Joe Thornton (Was)
Power Play
Canucks - 1 on 2 Attempt(s) - 50,00%
Capitals - 1 on 3 Attempt(s) - 33,33%
Penalty Kill
Canucks - 2 on 3 Attempt(s) - 66,67%
- Score 0 goal in Penalty Kill
Capitals - 1 on 2 Attempt(s) - 50,00%
- Score 0 goal in Penalty Kill
Team Stat
Canucks - Hits : 21 - Faceoff Wins : 31 - Blocked Shots : 9 - Penalty Minutes : 6
Capitals - Hits : 18 - Faceoff Wins : 34 - Blocked Shots : 17 - Penalty Minutes : 4
Official
Referees : Kozari Steve and Kimmerly Greg
Linesman : Brian Mach and Michel Cormier
Game Notes
No Game Note
Finance
Level 1 -- Attendance: 6000 (100,00%) -- Ticket Income 462 000 $
Level 2 -- Attendance: 5000 (100,00%) -- Ticket Income 210 000 $
Level 3 -- Attendance: 1922 (96,10%) -- Ticket Income 51 894 $
Level 4 -- Attendance: 3771 (94,28%) -- Ticket Income 60 336 $
Luxury Box -- Attendance: 818 (81,80%) -- Ticket Income 133 334 $
Game was played at the Verizon Center.
Total Attendance: 17511 (97,28%)
Total Ticket Income: 917 564 $
Other Income: 137 635 $
Total Income: 1 055 199 $
Canucks
5 vs 5 Forward
Center Left Wing Right Wing Time % Phy DF OF
1 Marek Zagrapan Josh Beaulieu Maxim Afinogenov 40 1 2 2
2 Maxim Lapierre Clarke MacArthur Patrick Eaves 30 1 2 2
3 Mike Ribeiro Alex Tanguay David Laliberté 20 1 2 2
4 Matt Stajan Milan Michalek Martin St. Louis 10 1 2 2
5 vs 5 Defense
Defense Defense Time % Phy DF OF
1 Alex Goligoski Ben Lovejoy 40 1 2 2
2 Tom Poti Ryan Parent 30 1 2 2
3 Sami Lepisto Robert Bortuzzo 20 1 2 2
4 Alex Goligoski Ben Lovejoy 10 1 2 2
PowerPlay Forward
Center Left Wing Right Wing Time % Phy DF OF
1 Matt Stajan Milan Michalek Maxim Afinogenov 60 1 2 2
2 Mike Ribeiro Clarke MacArthur Martin St. Louis 40 1 2 2
PowerPlay Defense
Defense Defense Time % Phy DF OF
1 Alex Goligoski Ben Lovejoy 60 1 2 2
2 Tom Poti Ryan Parent 40 1 2 2
Penalty Kill 4 Players Forward
Center Wing Time % Phy DF OF
1 Maxim Afinogenov Matt Stajan 60 1 2 2
2 Martin St. Louis Mike Ribeiro 40 1 2 2
Penalty Kill 4 Players Defense
Defense Defense Time % Phy DF OF
1 Alex Goligoski Ben Lovejoy 60 1 2 2
2 Tom Poti Ryan Parent 40 1 2 2
Penalty Kill - 3 Players Forward
Forward Time % Phy DF OF
1 Maxim Afinogenov 60 1 2 2
2 Matt Stajan 40 1 2 2
Penalty Kill - 3 Players Defense
Defense Defense Time % Phy DF OF
1 Alex Goligoski Ben Lovejoy 60 1 2 2
2 Tom Poti Ryan Parent 40 1 2 2
4 vs 4 Forward
Center Wing Time % Phy DF OF
1 Maxim Afinogenov Matt Stajan 60 1 2 2
2 Martin St. Louis Mike Ribeiro 40 1 2 2
4 vs 4 Defense
Defense Defense Time % Phy DF OF
1 Alex Goligoski Ben Lovejoy 60 1 2 2
2 Tom Poti Ryan Parent 40 1 2 2
Last Minutes Offensive
Center Left Wing Right Wing Defense Defense
Matt Stajan Milan Michalek David Laliberté Alex Goligoski Ben Lovejoy
Last Minutes Defensive
Center Left Wing Right Wing Defense Defense
Matt Stajan Milan Michalek David Laliberté Alex Goligoski Ben Lovejoy
Goaltenders
Starting : Brent Krahn
Backup : Carey Price
Extra Forwards
Normal : David Laliberté, Alex Tanguay, Maxim Lapierre - PP : David Laliberté, Alex Tanguay - PK : Maxim Lapierre
Extra Defensemen
Normal : Sami Lepisto, Robert Bortuzzo, Tom Poti - PP : Sami Lepisto - PK : Robert Bortuzzo, Tom Poti
Penalty Shots
Maxim Afinogenov, Matt Stajan, Martin St. Louis, Mike Ribeiro, Milan Michalek
Capitals
5 vs 5 Forward
Center Left Wing Right Wing Time % Phy DF OF
1 Tyler Seguin Ondrej Palat Jarome Iginla 40 1 2 2
2 Joe Thornton Patrick Marleau James Neal 30 1 2 2
3 Sean Couturier Erik Cole Ryan Callahan 20 1 2 2
4 Daniel Briere Joffrey Lupul Jamie Langenbrunner 10 1 2 2
5 vs 5 Defense
Defense Defense Time % Phy DF OF
1 Erik Karlsson Joe Corvo 40 1 2 2
2 Zdeno Chara Mark Giordano 30 1 2 2
3 Marek Zidlicky Kris Russell 20 1 2 2
4 Erik Karlsson Marek Zidlicky 10 1 2 2
PowerPlay Forward
Center Left Wing Right Wing Time % Phy DF OF
1 Joe Thornton Patrick Marleau Jarome Iginla 60 1 2 2
2 Tyler Seguin Ondrej Palat James Neal 40 1 2 2
PowerPlay Defense
Defense Defense Time % Phy DF OF
1 Erik Karlsson Marek Zidlicky 60 1 2 2
2 Zdeno Chara Mark Giordano 40 1 2 2
Penalty Kill 4 Players Forward
Center Wing Time % Phy DF OF
1 Daniel Briere Jarome Iginla 60 1 2 2
2 James Neal Erik Cole 40 1 2 2
Penalty Kill 4 Players Defense
Defense Defense Time % Phy DF OF
1 Joe Corvo Marek Zidlicky 60 1 2 2
2 Zdeno Chara Mark Giordano 40 1 2 2
Penalty Kill - 3 Players Forward
Forward Time % Phy DF OF
1 Daniel Briere 60 1 2 2
2 Jarome Iginla 40 1 2 2
Penalty Kill - 3 Players Defense
Defense Defense Time % Phy DF OF
1 Joe Corvo Marek Zidlicky 60 1 2 2
2 Zdeno Chara Mark Giordano 40 1 2 2
4 vs 4 Forward
Center Wing Time % Phy DF OF
1 Daniel Briere Jarome Iginla 60 1 2 2
2 James Neal Erik Cole 40 1 2 2
4 vs 4 Defense
Defense Defense Time % Phy DF OF
1 Erik Karlsson Marek Zidlicky 60 1 2 2
2 Zdeno Chara Mark Giordano 40 1 2 2
Last Minutes Offensive
Center Left Wing Right Wing Defense Defense
Daniel Briere Erik Cole Jarome Iginla Erik Karlsson Marek Zidlicky
Last Minutes Defensive
Center Left Wing Right Wing Defense Defense
Daniel Briere Erik Cole Jarome Iginla Joe Corvo Marek Zidlicky
Goaltenders
Starting : Ilya Bryzgalov
Backup : Erik Ersberg
Extra Forwards
Normal : Jamie Langenbrunner, Ryan Callahan, Tyler Seguin - PP : Jamie Langenbrunner, Ryan Callahan - PK : Tyler Seguin
Extra Defensemen
Normal : Erik Karlsson, Kris Russell, Zdeno Chara - PP : Joe Corvo - PK : Kris Russell, Zdeno Chara
Penalty Shots
Patrick Marleau, Jarome Iginla, James Neal, Erik Cole, Jamie Langenbrunner
% Time on Ice - Canucks
Lines # - Real PCT - Wanted PCT - Time Play
Normal Forward
1 - 34% - 40% - 18:22
2 - 27% - 30% - 14:26
3 - 23% - 20% - 12:35
4 - 16% - 10% - 8:35
Normal Defense
1 - 41% - 40% - 22:08
2 - 31% - 30% - 16:30
3 - 23% - 20% - 12:23
4 - 5% - 10% - 2:57
PP Forward
1 - 61% - 60% - 1:14
2 - 39% - 40% - 0:48
PP Defense
1 - 64% - 60% - 1:18
2 - 36% - 40% - 0:44
PK Forward
1 - 78% - 60% - 3:06
2 - 23% - 40% - 0:54
PK Defense
1 - 51% - 60% - 2:02
2 - 49% - 40% - 1:58
PK3 Forward
1 - 0% - 60%
2 - 0% - 40%
PK3 Defense
1 - 0% - 60%
2 - 0% - 40%
44 Forward
1 - 0% - 60%
2 - 0% - 40%
44 Defense
1 - 0% - 60%
2 - 0% - 40%
Last Minute Offensive - 0:00
Last Minute Defensive - 0:00
Total
Forward - 60:00
Defense - 60:00
|
% Time on Ice - Capitals
Lines # - Real PCT - Wanted PCT - Time Play
Normal Forward
1 - 37% - 40% - 19:54
2 - 27% - 30% - 14:50
3 - 23% - 20% - 12:14
4 - 13% - 10% - 7:00
Normal Defense
1 - 39% - 40% - 20:56
2 - 32% - 30% - 17:03
3 - 20% - 20% - 10:41
4 - 10% - 10% - 5:18
PP Forward
1 - 58% - 60% - 2:20
2 - 42% - 40% - 1:40
PP Defense
1 - 66% - 60% - 2:38
2 - 34% - 40% - 1:22
PK Forward
1 - 73% - 60% - 1:29
2 - 27% - 40% - 0:33
PK Defense
1 - 64% - 60% - 1:18
2 - 36% - 40% - 0:44
PK3 Forward
1 - 0% - 60%
2 - 0% - 40%
PK3 Defense
1 - 0% - 60%
2 - 0% - 40%
44 Forward
1 - 0% - 60%
2 - 0% - 40%
44 Defense
1 - 0% - 60%
2 - 0% - 40%
Last Minute Offensive - 0:00
Last Minute Defensive - 0:00
Total
Forward - 60:00
Defense - 60:00
|
Play by Play
1st period
0:01 of 1st period - Josh Beaulieu wins face-off versus Tyler Seguin in neutral zone.
1:11 of 1st period - Slapshot by Daniel Briere.
1:11 of 1st period - Shot Blocked by Sami Lepisto.
1:35 of 1st period - Slapshot by Sami Lepisto.
1:35 of 1st period - Shot Blocked by Marek Zidlicky.
1:39 of 1st period - Wrist shot by Marek Zagrapan.
1:39 of 1st period - Shot Misses the Net.
1:41 of 1st period - Snap shot by Maxim Afinogenov.
1:41 of 1st period - Shot Hit the Post.
2:13 of 1st period - Kris Russell is hit by Ben Lovejoy and loses puck.
2:30 of 1st period - Wrist shot by Maxim Lapierre.
2:30 of 1st period - Stopped by Ilya Bryzgalov without a rebound.
2:31 of 1st period - Josh Beaulieu wins face-off versus Tyler Seguin in Capitals zone.
2:37 of 1st period - Snap shot by Josh Beaulieu.
2:37 of 1st period - Shot Blocked by Joe Corvo.
2:39 of 1st period - Slapshot by Ryan Parent.
2:39 of 1st period - Shot Blocked by Erik Karlsson.
2:45 of 1st period - Snap shot by Marek Zagrapan.
2:45 of 1st period - Shot Blocked by Ondrej Palat.
3:27 of 1st period - Wrist shot by Matt Stajan.
3:27 of 1st period - Shot Misses the Net.
3:49 of 1st period - Snap shot by Daniel Briere.
3:49 of 1st period - Stopped by Brent Krahn with a rebound.
4:09 of 1st period - Snap shot by Maxim Afinogenov.
4:09 of 1st period - Stopped by Ilya Bryzgalov with a rebound.
4:15 of 1st period - Slapshot by Alex Goligoski.
4:15 of 1st period - Shot Blocked by Marek Zidlicky.
5:11 of 1st period - Kris Russell is hit by Patrick Eaves and loses puck.
6:09 of 1st period - Mark Giordano is hit by Alex Goligoski and loses puck.
6:16 of 1st period - Backhand shot by Maxim Afinogenov.
6:16 of 1st period - Stopped by Ilya Bryzgalov with a rebound.
6:26 of 1st period - Patrick Marleau is hit by David Laliberté and loses puck.
6:33 of 1st period - David Laliberté is hit by Joe Thornton.
7:40 of 1st period - Wrist shot by Mike Ribeiro.
7:40 of 1st period - Shot Misses the Net.
7:42 of 1st period - Snap shot by Robert Bortuzzo.
7:42 of 1st period - Shot Misses the Net.
7:44 of 1st period - Wrist shot by Mike Ribeiro.
7:44 of 1st period - Stopped by Ilya Bryzgalov with a rebound.
7:54 of 1st period - Slapshot by David Laliberté.
7:54 of 1st period - Shot Misses the Net.
7:58 of 1st period - Wrist shot by Mike Ribeiro.
7:58 of 1st period - Stopped by Ilya Bryzgalov with a rebound.
8:00 of 1st period - Snap shot by Alex Tanguay.
8:00 of 1st period - Stopped by Ilya Bryzgalov with a rebound.
8:02 of 1st period - Slapshot by Tom Poti.
8:02 of 1st period - Stopped by Ilya Bryzgalov without a rebound.
8:03 of 1st period - Marek Zagrapan wins face-off versus Tyler Seguin in Capitals zone.
8:30 of 1st period - Sami Lepisto is hit by Erik Cole and loses puck.
9:27 of 1st period - Snap shot by Sean Couturier.
9:27 of 1st period - Shot Blocked by Tom Poti.
9:43 of 1st period - Wrist shot by Martin St. Louis.
9:43 of 1st period - Stopped by Ilya Bryzgalov without a rebound.
9:44 of 1st period - Matt Stajan wins face-off versus Tyler Seguin in Capitals zone.
9:45 of 1st period - Wrist shot by Martin St. Louis.
9:45 of 1st period - Stopped by Ilya Bryzgalov without a rebound.
9:46 of 1st period - Tyler Seguin wins face-off versus Matt Stajan in Capitals zone.
9:51 of 1st period - Slapshot by Tyler Seguin.
9:51 of 1st period - Deflect By Jarome Iginla.
9:51 of 1st period - Shot Blocked by Matt Stajan.
9:51 of 1st period - Puck is out of play.
9:52 of 1st period - Tyler Seguin wins face-off versus Marek Zagrapan in Canucks zone.
10:16 of 1st period - Off-side.
10:17 of 1st period - Sean Couturier wins face-off versus Maxim Lapierre in neutral zone.
11:16 of 1st period - Ryan Parent is hit by Patrick Marleau and loses puck.
11:31 of 1st period - Slapshot by Clarke MacArthur.
11:31 of 1st period - Stopped by Ilya Bryzgalov with a rebound.
12:07 of 1st period - Slapshot by Patrick Marleau.
12:07 of 1st period - Deflect By Ben Lovejoy.
12:07 of 1st period - Stopped by Brent Krahn with a rebound.
12:09 of 1st period - Slapshot by Mark Giordano.
12:09 of 1st period - Stopped by Brent Krahn without a rebound.
12:10 of 1st period - Tyler Seguin wins face-off versus Marek Zagrapan in Canucks zone.
12:11 of 1st period - Snap shot by Jarome Iginla.
12:11 of 1st period - Stopped by Brent Krahn with a rebound.
12:39 of 1st period - Snap shot by Erik Cole.
12:39 of 1st period - Shot Misses the Net.
12:57 of 1st period - Slapshot by Alex Goligoski.
12:57 of 1st period - Shot Misses the Net.
12:59 of 1st period - Backhand shot by Alex Goligoski.
12:59 of 1st period - Shot Blocked by Jamie Langenbrunner.
13:01 of 1st period - Slapshot by Alex Goligoski.
13:01 of 1st period - Shot Misses the Net.
13:37 of 1st period - Erik Cole is hit by Maxim Lapierre and loses puck.
13:54 of 1st period - Jamie Langenbrunner is hit by Ben Lovejoy and loses puck.
14:21 of 1st period - Erik Karlsson is hit by Tom Poti and loses puck.
14:42 of 1st period - Robert Bortuzzo is hit by Marek Zidlicky and loses puck.
15:28 of 1st period - Ben Lovejoy is hit by Joe Thornton and loses puck.
16:38 of 1st period - Slapshot by Jarome Iginla.
16:38 of 1st period - Shot Misses the Net.
17:58 of 1st period - Off-side.
17:59 of 1st period - Marek Zagrapan wins face-off versus Joe Thornton in neutral zone.
18:26 of 1st period - Tyler Seguin is hit by Clarke MacArthur.
18:57 of 1st period - Off-side.
18:58 of 1st period - Maxim Afinogenov wins face-off versus Tyler Seguin in neutral zone.
19:01 of 1st period - Snap shot by Ben Lovejoy.
19:01 of 1st period - Deflect By Marek Zagrapan.
19:01 of 1st period - Stopped by Ilya Bryzgalov without a rebound.
19:02 of 1st period - Tyler Seguin wins face-off versus Marek Zagrapan in Capitals zone.
19:16 of 1st period - Alex Goligoski is hit by Erik Karlsson and loses puck.
19:27 of 1st period - Wrist shot by James Neal.
19:27 of 1st period - Shot Blocked by Ben Lovejoy.
19:55 of 1st period - Snap shot by David Laliberté.
19:55 of 1st period - Stopped by Ilya Bryzgalov without a rebound.
19:56 of 1st period - Marek Zagrapan wins face-off versus Tyler Seguin in Capitals zone.
19:59 of 1st period - Slapshot by Tom Poti.
19:59 of 1st period - Deflect By Mark Giordano.
19:59 of 1st period - Stopped by Ilya Bryzgalov without a rebound.
Goals for this period are 0 for Canucks vs 0 for Capitals.
Shots for this period are 13 for Canucks vs 4 for Capitals.
2nd period
0:01 of 2nd period - Tyler Seguin wins face-off versus Marek Zagrapan in neutral zone.
0:16 of 2nd period - Wrist shot by Maxim Afinogenov.
0:16 of 2nd period - Stopped by Ilya Bryzgalov with a rebound.
0:35 of 2nd period - Wrist shot by James Neal.
0:35 of 2nd period - Shot Misses the Net.
0:51 of 2nd period - Backhand shot by Ryan Callahan.
0:51 of 2nd period - Shot Blocked by Alex Tanguay.
0:53 of 2nd period - Slapshot by Ryan Callahan.
0:53 of 2nd period - Stopped by Brent Krahn without a rebound.
0:54 of 2nd period - Marek Zagrapan wins face-off versus Sean Couturier in Canucks zone.
0:54 of 2nd period - Marek Zagrapan is hit by Sean Couturier.
1:20 of 2nd period - Tyler Seguin is hit by Clarke MacArthur and loses puck.
1:25 of 2nd period - Wrist shot by Maxim Lapierre.
1:25 of 2nd period - Shot Blocked by Jarome Iginla.
1:33 of 2nd period - Clarke MacArthur is hit by Ondrej Palat.
1:48 of 2nd period - Snap shot by Jarome Iginla.
1:48 of 2nd period - Stopped by Brent Krahn with a rebound.
1:50 of 2nd period - Slapshot by Mark Giordano.
1:50 of 2nd period - Stopped by Brent Krahn without a rebound.
1:51 of 2nd period - Joe Thornton wins face-off versus Marek Zagrapan in Canucks zone.
1:54 of 2nd period - Snap shot by James Neal.
1:54 of 2nd period - Shot Misses the Net.
2:04 of 2nd period - Slapshot by Joe Thornton.
2:04 of 2nd period - Shot Misses the Net.
2:47 of 2nd period - Wrist shot by Jarome Iginla.
2:47 of 2nd period - Stopped by Brent Krahn with a rebound.
2:57 of 2nd period - Mike Ribeiro is hit by Marek Zidlicky and loses puck.
3:16 of 2nd period - Alex Goligoski is hit by Mark Giordano and loses puck.
3:29 of 2nd period - Slapshot by David Laliberté.
3:29 of 2nd period - Shot Blocked by Erik Cole.
3:35 of 2nd period - Alex Goligoski is hit by Marek Zidlicky and loses puck.
3:57 of 2nd period - Backhand shot by David Laliberté.
3:57 of 2nd period - Shot Blocked by Zdeno Chara.
4:37 of 2nd period - Snap shot by Patrick Marleau.
4:37 of 2nd period - Shot Misses the Net.
4:51 of 2nd period - Sean Couturier is hit by Milan Michalek and loses puck.
5:25 of 2nd period - Wrist shot by Erik Karlsson.
5:25 of 2nd period - Shot Misses the Net.
6:37 of 2nd period - Slapshot by Erik Karlsson.
6:37 of 2nd period - Stopped by Brent Krahn without a rebound.
6:38 of 2nd period - Sean Couturier wins face-off versus Martin St. Louis in Canucks zone.
6:39 of 2nd period - Slapshot by Erik Karlsson.
6:39 of 2nd period - Shot Blocked by Martin St. Louis.
7:02 of 2nd period - Off-side.
7:03 of 2nd period - Marek Zagrapan wins face-off versus Tyler Seguin in neutral zone.
7:06 of 2nd period - Wrist shot by Ryan Parent.
7:06 of 2nd period - Shot Misses the Net.
7:19 of 2nd period - Icing by Ryan Parent.
7:20 of 2nd period - Marek Zagrapan wins face-off versus Joe Thornton in Canucks zone.
7:33 of 2nd period - Snap shot by Maxim Afinogenov.
7:33 of 2nd period - Stopped by Ilya Bryzgalov with a rebound.
7:47 of 2nd period - Slapshot by Jarome Iginla.
7:47 of 2nd period - Shot Misses the Net.
7:49 of 2nd period - Slapshot by Mark Giordano.
7:49 of 2nd period - Stopped by Brent Krahn with a rebound.
7:51 of 2nd period - Backhand shot by Tyler Seguin.
7:51 of 2nd period - Shot Misses the Net.
7:53 of 2nd period - Wrist shot by Jarome Iginla.
7:53 of 2nd period - Stopped by Brent Krahn without a rebound.
7:54 of 2nd period - Tyler Seguin wins face-off versus Maxim Lapierre in Canucks zone.
7:55 of 2nd period - Slapshot by Jarome Iginla.
7:55 of 2nd period - Stopped by Brent Krahn with a rebound.
7:57 of 2nd period - Wrist shot by Ondrej Palat.
7:57 of 2nd period - Deflect By Tyler Seguin.
7:57 of 2nd period - Deflect By Patrick Eaves.
7:57 of 2nd period - Shot Blocked by Maxim Lapierre.
7:57 of 2nd period - Puck is out of play.
7:58 of 2nd period - Maxim Lapierre wins face-off versus Tyler Seguin in Canucks zone.
8:23 of 2nd period - James Neal is hit by Maxim Afinogenov and loses puck.
8:30 of 2nd period - Wrist shot by Maxim Afinogenov.
8:30 of 2nd period - Stopped by Ilya Bryzgalov with a rebound.
8:32 of 2nd period - Snap shot by Alex Goligoski.
8:32 of 2nd period - Deflect By James Neal.
8:32 of 2nd period - Stopped by Ilya Bryzgalov without a rebound.
8:33 of 2nd period - Marek Zagrapan wins face-off versus Tyler Seguin in Capitals zone.
8:37 of 2nd period - Minor Penalty to Tyler Seguin for Hooking.
8:38 of 2nd period - Matt Stajan wins face-off versus Daniel Briere in Capitals zone.
9:14 of 2nd period - Wrist shot by Mike Ribeiro.
9:14 of 2nd period - Shot Blocked by Joe Corvo.
10:04 of 2nd period - Zdeno Chara is hit by Maxim Afinogenov and loses puck.
10:25 of 2nd period - Ben Lovejoy is hit by Marek Zidlicky and loses puck.
10:37 of 2nd period - Penalty to Tyler Seguin is over, Tyler Seguin is back on ice.
10:44 of 2nd period - Patrick Marleau is hit by Maxim Lapierre and loses puck.
10:57 of 2nd period - Wrist shot by David Laliberté.
10:57 of 2nd period - Stopped by Ilya Bryzgalov without a rebound.
10:58 of 2nd period - Mike Ribeiro wins face-off versus Sean Couturier in Capitals zone.
11:58 of 2nd period - Zdeno Chara is hit by Robert Bortuzzo and loses puck.
12:36 of 2nd period - David Laliberté is hit by Ryan Callahan.
12:48 of 2nd period - Wrist shot by Maxim Afinogenov.
12:48 of 2nd period - Stopped by Ilya Bryzgalov without a rebound.
12:49 of 2nd period - Tyler Seguin wins face-off versus Marek Zagrapan in Capitals zone.
12:58 of 2nd period - Snap shot by Maxim Afinogenov.
12:58 of 2nd period - Deflect By Marek Zagrapan.
12:58 of 2nd period - Shot Blocked by Tyler Seguin.
12:58 of 2nd period - Puck is out of play.
12:59 of 2nd period - Maxim Lapierre wins face-off versus Tyler Seguin in Capitals zone.
13:09 of 2nd period - Minor Penalty to Marek Zidlicky for Hooking.
13:10 of 2nd period - Matt Stajan wins face-off versus Daniel Briere in Capitals zone.
13:12 of 2nd period - Slapshot by Alex Goligoski.
13:12 of 2nd period - Goal by Alex Goligoski - Canucks : 1 - Capitals : 0.
13:13 of 2nd period - Tyler Seguin wins face-off versus Marek Zagrapan in neutral zone.
13:26 of 2nd period - Wrist shot by Ben Lovejoy.
13:26 of 2nd period - Stopped by Ilya Bryzgalov with a rebound.
13:45 of 2nd period - Slapshot by Mike Ribeiro.
13:45 of 2nd period - Shot Misses the Net.
13:51 of 2nd period - Snap shot by Ondrej Palat.
13:51 of 2nd period - Shot Misses the Net.
13:53 of 2nd period - Snap shot by Jarome Iginla.
13:53 of 2nd period - Shot Misses the Net.
13:57 of 2nd period - Slapshot by Jarome Iginla.
13:57 of 2nd period - Shot Misses the Net.
13:59 of 2nd period - Snap shot by Jarome Iginla.
13:59 of 2nd period - Shot Misses the Net.
14:01 of 2nd period - Backhand shot by Erik Karlsson.
14:01 of 2nd period - Shot Misses the Net.
14:03 of 2nd period - Slapshot by Jarome Iginla.
14:03 of 2nd period - Stopped by Brent Krahn with a rebound.
14:05 of 2nd period - Snap shot by Erik Karlsson.
14:05 of 2nd period - Shot Blocked by Mike Ribeiro.
14:07 of 2nd period - Slapshot by Joe Corvo.
14:07 of 2nd period - Stopped by Brent Krahn without a rebound.
14:08 of 2nd period - Marek Zagrapan wins face-off versus Joe Thornton in Canucks zone.
14:19 of 2nd period - Mark Giordano is hit by Josh Beaulieu and loses puck.
14:43 of 2nd period - Wrist shot by Clarke MacArthur.
14:43 of 2nd period - Shot Blocked by Zdeno Chara.
14:46 of 2nd period - Icing by Zdeno Chara.
14:47 of 2nd period - Matt Stajan wins face-off versus Sean Couturier in Capitals zone.
14:54 of 2nd period - Slapshot by Milan Michalek.
14:54 of 2nd period - Stopped by Ilya Bryzgalov with a rebound.
14:56 of 2nd period - Snap shot by Martin St. Louis.
14:56 of 2nd period - Goal by Martin St. Louis - Canucks : 2 - Capitals : 0.
14:57 of 2nd period - Tyler Seguin wins face-off versus Marek Zagrapan in neutral zone.
15:10 of 2nd period - Slapshot by Alex Goligoski.
15:10 of 2nd period - Stopped by Ilya Bryzgalov without a rebound.
15:11 of 2nd period - Tyler Seguin wins face-off versus Marek Zagrapan in Capitals zone.
15:24 of 2nd period - Slapshot by Marek Zidlicky.
15:24 of 2nd period - Stopped by Brent Krahn without a rebound.
15:25 of 2nd period - Josh Beaulieu wins face-off versus Ondrej Palat in Canucks zone.
15:40 of 2nd period - Snap shot by Maxim Afinogenov.
15:40 of 2nd period - Stopped by Ilya Bryzgalov without a rebound.
15:41 of 2nd period - Maxim Lapierre wins face-off versus Joe Thornton in Capitals zone.
15:46 of 2nd period - Slapshot by Alex Goligoski.
15:46 of 2nd period - Deflect By Maxim Lapierre.
15:46 of 2nd period - Stopped by Ilya Bryzgalov without a rebound.
15:47 of 2nd period - Joe Thornton wins face-off versus Maxim Lapierre in Capitals zone.
16:00 of 2nd period - Slapshot by Clarke MacArthur.
16:00 of 2nd period - Shot Misses the Net.
16:27 of 2nd period - Wrist shot by Patrick Marleau.
16:27 of 2nd period - Shot Blocked by Alex Goligoski.
16:29 of 2nd period - Wrist shot by James Neal.
16:29 of 2nd period - Goal by James Neal - Canucks : 2 - Capitals : 1.
16:30 of 2nd period - Marek Zagrapan wins face-off versus Tyler Seguin in neutral zone.
16:35 of 2nd period - Slapshot by Alex Goligoski.
16:35 of 2nd period - Shot Blocked by Tyler Seguin.
16:37 of 2nd period - Slapshot by Ben Lovejoy.
16:37 of 2nd period - Deflect By Maxim Afinogenov.
16:37 of 2nd period - Goal by Maxim Afinogenov - Canucks : 3 - Capitals : 1.
16:38 of 2nd period - Tyler Seguin wins face-off versus Marek Zagrapan in neutral zone.
17:05 of 2nd period - Off-side.
17:06 of 2nd period - Joe Thornton wins face-off versus Maxim Lapierre in neutral zone.
17:11 of 2nd period - Wrist shot by Patrick Marleau.
17:11 of 2nd period - Stopped by Brent Krahn with a rebound.
17:13 of 2nd period - Slapshot by Patrick Marleau.
17:13 of 2nd period - Stopped by Brent Krahn with a rebound.
17:19 of 2nd period - Wrist shot by James Neal.
17:19 of 2nd period - Stopped by Brent Krahn without a rebound.
17:20 of 2nd period - Tyler Seguin wins face-off versus Marek Zagrapan in Canucks zone.
17:21 of 2nd period - Wrist shot by Jarome Iginla.
17:21 of 2nd period - Shot Misses the Net.
17:29 of 2nd period - Wrist shot by Maxim Afinogenov.
17:29 of 2nd period - Shot Blocked by Joe Corvo.
17:31 of 2nd period - Snap shot by Marek Zagrapan.
17:31 of 2nd period - Shot Misses the Net.
17:33 of 2nd period - Backhand shot by Ben Lovejoy.
17:33 of 2nd period - Shot Blocked by Ondrej Palat.
17:35 of 2nd period - Snap shot by Maxim Afinogenov.
17:35 of 2nd period - Shot Misses the Net.
18:28 of 2nd period - Marek Zagrapan is hit by Zdeno Chara and loses puck.
18:37 of 2nd period - Slapshot by Maxim Afinogenov.
18:37 of 2nd period - Stopped by Ilya Bryzgalov without a rebound.
18:38 of 2nd period - Tyler Seguin wins face-off versus Maxim Lapierre in Capitals zone.
19:02 of 2nd period - Alex Goligoski is hit by Marek Zidlicky and loses puck.
19:05 of 2nd period - Wrist shot by Marek Zagrapan.
19:05 of 2nd period - Stopped by Ilya Bryzgalov without a rebound.
19:06 of 2nd period - Joe Thornton wins face-off versus Marek Zagrapan in Capitals zone.
19:15 of 2nd period - Snap shot by Patrick Marleau.
19:15 of 2nd period - Deflect By James Neal.
19:15 of 2nd period - Shot Misses the Net.
19:15 of 2nd period - Puck is out of play.
19:16 of 2nd period - Tyler Seguin wins face-off versus Marek Zagrapan in Canucks zone.
19:43 of 2nd period - Wrist shot by Patrick Marleau.
19:43 of 2nd period - Stopped by Brent Krahn without a rebound.
19:44 of 2nd period - Joe Thornton wins face-off versus Maxim Lapierre in Canucks zone.
19:47 of 2nd period - Snap shot by Joe Thornton.
19:47 of 2nd period - Stopped by Brent Krahn without a rebound.
19:48 of 2nd period - Maxim Afinogenov wins face-off versus Tyler Seguin in Canucks zone.
19:50 of 2nd period - Minor Penalty to Josh Beaulieu for Hooking.
19:51 of 2nd period - Maxim Afinogenov wins face-off versus Joe Thornton in Canucks zone.
Goals for this period are 3 for Canucks vs 1 for Capitals.
Shots for this period are 16 for Canucks vs 17 for Capitals.
3rd period
0:01 of 3rd period - Joe Thornton wins face-off versus Maxim Afinogenov in neutral zone.
1:06 of 3rd period - Wrist shot by Alex Tanguay.
1:06 of 3rd period - Shot Misses the Net.
1:08 of 3rd period - Snap shot by Maxim Lapierre.
1:08 of 3rd period - Stopped by Ilya Bryzgalov with a rebound.
1:50 of 3rd period - Penalty to Josh Beaulieu is over, Josh Beaulieu is back on ice.
2:17 of 3rd period - Joffrey Lupul is hit by Sami Lepisto and loses puck.
2:28 of 3rd period - Slapshot by Erik Karlsson.
2:28 of 3rd period - Stopped by Brent Krahn without a rebound.
2:29 of 3rd period - Sean Couturier wins face-off versus Marek Zagrapan in Canucks zone.
2:32 of 3rd period - Snap shot by Ryan Callahan.
2:32 of 3rd period - Shot Misses the Net.
2:34 of 3rd period - Snap shot by Sean Couturier.
2:34 of 3rd period - Goal by Sean Couturier - Canucks : 3 - Capitals : 2.
2:35 of 3rd period - Tyler Seguin wins face-off versus Marek Zagrapan in neutral zone.
2:44 of 3rd period - Snap shot by Jarome Iginla.
2:44 of 3rd period - Stopped by Brent Krahn without a rebound.
2:45 of 3rd period - Tyler Seguin wins face-off versus Marek Zagrapan in Canucks zone.
2:50 of 3rd period - Snap shot by Ondrej Palat.
2:50 of 3rd period - Stopped by Brent Krahn with a rebound.
3:22 of 3rd period - Wrist shot by Ondrej Palat.
3:22 of 3rd period - Shot Misses the Net.
3:36 of 3rd period - Snap shot by Jarome Iginla.
3:36 of 3rd period - Shot Misses the Net.
3:38 of 3rd period - Snap shot by Jarome Iginla.
3:38 of 3rd period - Stopped by Brent Krahn with a rebound.
3:46 of 3rd period - Slapshot by Ondrej Palat.
3:46 of 3rd period - Stopped by Brent Krahn without a rebound.
3:47 of 3rd period - Maxim Lapierre wins face-off versus James Neal in Canucks zone.
3:49 of 3rd period - Minor Penalty to Tom Poti for Interference.
3:50 of 3rd period - Joe Thornton wins face-off versus Maxim Afinogenov in Canucks zone.
3:52 of 3rd period - Wrist shot by Joe Thornton.
3:52 of 3rd period - Stopped by Brent Krahn with a rebound.
5:09 of 3rd period - Mark Giordano is hit by Martin St. Louis and loses puck.
5:49 of 3rd period - Penalty to Tom Poti is over, Tom Poti is back on ice.
6:30 of 3rd period - Wrist shot by Erik Cole.
6:30 of 3rd period - Stopped by Brent Krahn without a rebound.
6:31 of 3rd period - Marek Zagrapan wins face-off versus Sean Couturier in Canucks zone.
6:52 of 3rd period - Alex Tanguay is hit by Daniel Briere and loses puck.
7:00 of 3rd period - Icing by Sami Lepisto.
7:01 of 3rd period - Mike Ribeiro wins face-off versus Tyler Seguin in Canucks zone.
7:12 of 3rd period - Off-side.
7:13 of 3rd period - Tyler Seguin wins face-off versus Marek Zagrapan in neutral zone.
7:26 of 3rd period - Snap shot by Jarome Iginla.
7:26 of 3rd period - Shot Misses the Net.
7:38 of 3rd period - James Neal is hit by Maxim Lapierre and loses puck.
8:29 of 3rd period - Wrist shot by David Laliberté.
8:29 of 3rd period - Shot Blocked by Ryan Callahan.
8:31 of 3rd period - Slapshot by Tom Poti.
8:31 of 3rd period - Shot Blocked by Joe Corvo.
8:41 of 3rd period - Snap shot by Maxim Afinogenov.
8:41 of 3rd period - Shot Misses the Net.
8:43 of 3rd period - Slapshot by Robert Bortuzzo.
8:43 of 3rd period - Shot Hit the Post.
8:45 of 3rd period - Slapshot by Sami Lepisto.
8:45 of 3rd period - Stopped by Ilya Bryzgalov without a rebound.
8:46 of 3rd period - Tyler Seguin wins face-off versus Marek Zagrapan in Capitals zone.
9:25 of 3rd period - Marek Zidlicky is hit by Sami Lepisto and loses puck.
10:18 of 3rd period - Mike Ribeiro is hit by Sean Couturier and loses puck.
10:47 of 3rd period - Slapshot by Martin St. Louis.
10:47 of 3rd period - Shot Misses the Net.
11:49 of 3rd period - Icing by Ben Lovejoy.
11:50 of 3rd period - Joe Thornton wins face-off versus Marek Zagrapan in Canucks zone.
12:02 of 3rd period - Off-side.
12:03 of 3rd period - Clarke MacArthur wins face-off versus Tyler Seguin in neutral zone.
12:10 of 3rd period - Snap shot by Maxim Lapierre.
12:10 of 3rd period - Deflect By Patrick Eaves.
12:10 of 3rd period - Goal by Patrick Eaves - Canucks : 4 - Capitals : 2.
12:11 of 3rd period - Marek Zagrapan wins face-off versus Tyler Seguin in neutral zone.
12:36 of 3rd period - Maxim Lapierre is hit by Joe Corvo.
13:00 of 3rd period - Snap shot by Mike Ribeiro.
13:00 of 3rd period - Stopped by Ilya Bryzgalov with a rebound.
13:06 of 3rd period - Snap shot by Mark Giordano.
13:06 of 3rd period - Deflect By Robert Bortuzzo.
13:06 of 3rd period - Stopped by Brent Krahn with a rebound.
14:41 of 3rd period - Minor Penalty to Mike Ribeiro for Hooking.
14:42 of 3rd period - Joe Thornton wins face-off versus Maxim Afinogenov in Canucks zone.
14:43 of 3rd period - Snap shot by Patrick Marleau.
14:43 of 3rd period - Goal by Patrick Marleau - Canucks : 4 - Capitals : 3.
14:44 of 3rd period - Tyler Seguin wins face-off versus Marek Zagrapan in neutral zone.
14:53 of 3rd period - Tyler Seguin is hit by Alex Goligoski and loses puck.
15:55 of 3rd period - Wrist shot by Jarome Iginla.
15:55 of 3rd period - Stopped by Brent Krahn without a rebound.
15:56 of 3rd period - Maxim Afinogenov wins face-off versus Tyler Seguin in Canucks zone.
16:01 of 3rd period - Snap shot by Maxim Afinogenov.
16:01 of 3rd period - Deflect By Josh Beaulieu.
16:01 of 3rd period - Shot Misses the Net.
16:01 of 3rd period - Puck is out of play.
16:02 of 3rd period - Tyler Seguin wins face-off versus Marek Zagrapan in Capitals zone.
16:09 of 3rd period - Snap shot by Marek Zidlicky.
16:09 of 3rd period - Deflect By Jarome Iginla.
16:09 of 3rd period - Shot Misses the Net.
16:09 of 3rd period - Puck is out of play.
16:10 of 3rd period - Marek Zagrapan wins face-off versus Tyler Seguin in Canucks zone.
17:01 of 3rd period - Wrist shot by Alex Tanguay.
17:01 of 3rd period - Stopped by Ilya Bryzgalov without a rebound.
17:02 of 3rd period - Tyler Seguin wins face-off versus Mike Ribeiro in Capitals zone.
17:21 of 3rd period - Slapshot by Tom Poti.
17:21 of 3rd period - Deflect By Erik Karlsson.
17:21 of 3rd period - Stopped by Ilya Bryzgalov without a rebound.
17:22 of 3rd period - Sean Couturier wins face-off versus Marek Zagrapan in Capitals zone.
17:47 of 3rd period - Sean Couturier is hit by Maxim Lapierre and loses puck.
18:06 of 3rd period - Wrist shot by Tyler Seguin.
18:06 of 3rd period - Stopped by Brent Krahn without a rebound.
18:07 of 3rd period - Martin St. Louis wins face-off versus Tyler Seguin in Canucks zone.
18:46 of 3rd period - Capitals, Ilya Bryzgalov is pulled from the net.
Goals for this period are 1 for Canucks vs 2 for Capitals.
Shots for this period are 6 for Canucks vs 12 for Capitals.
Back to the Top